Map: Torches LE

Players

Mitsos - Winner!

  • Race: Zerg Zerg
  • League: Platinum
  • Spawn Location: 1:00

Serotonin

  • Race: Terran Terran
  • League: Diamond
  • Spawn Location: 5:00

VOD

Have the link to the VOD?

Description

Time

  • Played on: May 21, 2025, 10:56 a.m.
  • Length: 26:24
Show
View Real Time Build Order
Export as new Build Order

Mitsos Zerg - Winner!

Build Orders: Hatch First 

Get SALT Encoding   

  12  0:01  Drone  
  13  0:08  Drone  
  14  0:16  Overlord  
  14  0:23  Extractor  
  14  0:25  Drone  
  15  0:47  Drone, Hatchery  
  15  0:51  Drone  
  16  1:04  Drone x2  
  18  1:14  Spawning Pool  
  18  1:16  Extractor  
  18  1:18  Drone  
  17  1:22  Drone  
  18  1:34  Drone  
  19  1:43  Drone  
  20  1:53  Overlord  
  20  2:03  Queen x2  
  20  2:04  Zergling x2  
  20  2:06  Zergling x2  
  26  2:31  Metabolic Boost  
  26  2:33  Drone  
  27  2:42  Hatchery  
  26  2:45  Queen  
  26  2:48  Drone  
  30  2:51  Drone  
  30  2:54  Drone  
  30  2:58  Drone  
  32  3:00  Drone  
  32  3:04  Drone  
  34  3:10  Overlord  
  34  3:14  Drone  
  34  3:19  Drone  
  36  3:21  Overlord  
  36  3:33  Drone  
  37  3:35  Drone  
  37  3:36  Drone, Roach Warren  
  37  3:41  Drone x2  
  39  3:42  Drone  
  39  3:44  Drone  
  39  3:47  Drone  
  39  3:48  Drone  
  44  3:49  Drone  
  45  3:58  Drone, Overlord  
  46  4:03  Queen  
  48  4:10  Zergling x4  
  48  4:11  Zergling x4  
  51  4:19  Lair  
  51  4:36  Baneling Nest  
  51  4:37  Zergling x2  
  51  4:38  Zergling x12  
  57  4:41  Overlord x2  
  57  4:49  Overlord  
  57  4:59  Overlord x2  
  57  5:08  Roach x5  
  57  5:09  Roach  
  67  5:16  Roach  
  67  5:17  Roach x2  
  73  5:28  Drone  
  74  5:29  Zergling x10, Extractor x2  
  74  5:32  Centrifugal Hooks  
  74  5:35  Baneling x2  
  77  5:44  Overlord  
  77  5:45  Overlord  
  77  5:46  Zergling x2, Roach  
  78  5:53  Drone  
  78  5:58  Drone x3  
  78  6:01  Drone  
  82  6:04  Roach  
  82  6:08  Zergling x2  
  82  6:09  Zergling x8  
  82  6:11  Baneling x3  
  89  6:20  Drone x2  
  89  6:24  Overlord  
  89  6:25  Overlord  
  91  6:33  Extractor  
  91  6:35  Drone  
  91  6:37  Zergling x2  
  91  6:38  Zergling x8  
  96  6:41  Baneling x3  
  96  6:42  Baneling  
  96  6:43  Glial Reconstitution  
  96  6:46  Drone  
  97  6:53  Hydralisk Den, Drone x5  
  101  7:00  Drone  
  102  7:22  Drone x4  
  106  7:23  Drone x4  
  106  7:26  Hatchery  
  95  7:31  Zergling x2  
  96  7:45  Evolution Chamber x2, Grooved Spines  
  96  7:46  Drone  
  96  7:47  Zergling x2  
  96  7:48  Zergling x12  
  102  7:55  Drone  
  102  7:56  Drone  
  104  8:07  Zergling x4  
  104  8:12  Drone  
  107  8:13  Drone, Overlord  
  107  8:19  Zerg Ground Armor Level 1  
  108  8:20  Zerg Melee Weapons Level 1  
  108  8:23  Overlord x3  
  108  8:30  Baneling x2  
  108  8:31  Baneling x2  
  108  8:33  Zergling x2  
  111  8:34  Zergling x4  
  111  8:35  Muscular Augments  
  109  8:44  Pneumatized Carapace  
  109  8:45  Drone  
  109  8:46  Drone  
  109  8:47  Drone x4  
  115  8:51  Extractor x2  
  115  8:52  Queen  
  115  8:57  Drone  
  115  8:58  Drone x2  
  115  9:01  Zergling x2  
  115  9:02  Roach x2  
  123  9:06  Spore Crawler  
  123  9:09  Spore Crawler  
  121  9:11  Drone  
  122  9:19  Zergling x2  
  122  9:20  Zergling x6  
  122  9:21  Overlord  
  126  9:26  Spore Crawler, Hydralisk x2  
  126  9:28  Queen, Hatchery  
  126  9:30  Spore Crawler  
  129  9:32  Zergling x4  
  131  9:41  Hydralisk  
  131  9:43  Hydralisk x5  
  131  9:44  Hydralisk  
  145  9:46  Zergling x4  
  145  9:47  Baneling x2  
  145  9:48  Baneling  
  147  9:55  Drone x3  
  150  10:04  Zergling x6  
  153  10:16  Overlord x3  
  153  10:17  Overlord  
  153  10:30  Zerg Missile Weapons Level 1  
  153  10:31  Zerg Ground Armor Level 2  
  153  10:39  Infestation Pit  
  153  10:40  Drone x5  
  153  10:42  Overlord x2  
  157  10:43  Overlord  
  157  10:44  Zergling x12  
  157  10:45  Zergling x8  
  167  10:54  Drone x2  
  165  11:05  Zergling x12  
  166  11:11  Hydralisk  
  166  11:12  Hydralisk x7  
  179  11:27  Hive  
  179  11:28  Drone x4  
  179  11:29  Zergling x4  
  185  11:34  Zergling x4  
  186  11:44  Hatchery  
  172  11:48  Zergling x18  
  172  11:53  Baneling x2  
  172  11:54  Baneling x2  
  156  12:02  Zergling x12  
  151  12:11  Zergling x2  
  151  12:12  Zergling x10  
  145  12:18  Zergling x4  
  134  12:27  Zergling x10  
  88  12:47  Zerg Melee Weapons Level 2  
  88  12:49  Hatchery  
  87  12:54  Zergling x2  
  87  12:55  Zergling x4, Drone  
  87  12:56  Drone x5  
  96  13:01  Drone x3  
  99  13:07  Zergling x2  
  99  13:08  Zergling x2  
  101  13:16  Baneling x2  
  101  13:17  Baneling  
  101  13:18  Baneling x3  
  101  13:20  Drone  
  101  13:21  Drone  
  101  13:26  Baneling  
  101  13:27  Baneling  
  103  13:28  Drone x2  
  103  13:32  Drone  
  103  13:33  Drone  
  107  13:36  Drone  
  107  13:38  Drone  
  109  13:47  Drone x4  
  113  13:51  Drone x2  
  113  13:55  Drone x2  
  117  14:05  Zerg Ground Armor Level 3  
  117  14:11  Drone x5  
  122  14:23  Extractor x2  
  120  14:25  Drone x5  
  120  14:26  Drone x2, Overlord  
  120  14:27  Zergling x2  
  120  14:28  Zergling x2  
  120  14:29  Zergling x2  
  130  14:35  Queen  
  132  14:39  Zergling x2  
  132  14:40  Zergling x10  
  132  14:43  Baneling x5  
  132  14:44  Baneling  
  138  14:46  Baneling  
  138  14:47  Baneling  
  138  14:57  Zergling x10, Ultralisk Cavern  
  138  14:58  Zergling x2  
  143  15:02  Zerg Missile Weapons Level 2  
  143  15:11  Hatchery  
  142  15:17  Drone  
  142  15:18  Zergling x2  
  142  15:19  Zergling x20  
  142  15:21  Hydralisk  
  156  15:38  Hydralisk  
  156  15:39  Hydralisk x5  
  168  15:48  Zergling x2  
  168  15:49  Zergling x14  
  176  15:53  Drone x3  
  179  15:58  Hydralisk x3  
  185  16:13  Zergling x2  
  185  16:14  Zergling x16  
  183  16:21  Ultralisk  
  178  16:25  Hydralisk x2  
  178  16:26  Hydralisk x2  
  184  16:34  Zergling x10  
  184  16:35  Zergling x6  
  192  16:42  Zerg Melee Weapons Level 3  
  192  16:48  Hatchery  
  189  17:01  Hydralisk x6  
  187  17:04  Zergling x2  
  187  17:05  Zergling x6  
  187  17:07  Baneling x6  
  198  17:10  Drone x2  
  199  17:26  Zergling x2  
  192  17:30  Ultralisk  
  192  17:31  Ultralisk  
  182  17:38  Zergling x2  
  182  17:39  Zergling x20  
  182  17:40  Queen  
  187  17:52  Zerg Missile Weapons Level 3  
  187  17:54  Zergling x6  
  187  17:55  Zergling x12  
  196  18:08  Extractor  
  196  18:09  Extractor  
  194  18:14  Drone  
  194  18:15  Drone x4  
  198  18:24  Baneling x6  
  198  18:27  Chitinous Plating  
  198  18:33  Zergling x2  
  199  18:40  Ultralisk  
  182  18:52  Zergling x2  
  182  18:53  Zergling x30  
  177  18:57  Zergling x10  
  177  18:58  Zergling x20  
  185  19:07  Zergling x2  
  185  19:08  Queen  
  176  19:17  Baneling  
  176  19:18  Baneling x10  
  176  19:19  Baneling  
  176  19:20  Baneling  
  177  19:24  Ultralisk x2  
  177  19:30  Zergling x10  
  177  19:31  Zergling x6  
  185  19:36  Spore Crawler  
  173  19:46  Anabolic Synthesis  
  173  19:51  Zergling x2  
  173  19:52  Zergling x16  
  171  19:53  Zergling x2  
  171  19:55  Hatchery  
  171  19:58  Adrenal Glands  
  161  20:02  Zergling x2  
  161  20:03  Zergling x4  
  152  20:08  Baneling x3  
  152  20:09  Baneling  
  144  20:17  Drone x5  
  144  20:18  Zergling x2, Drone x4  
  144  20:19  Zergling x2  
  148  20:29  Zergling x2  
  148  20:30  Zergling x16  
  154  20:35  Baneling  
  154  20:36  Baneling x4  
  142  20:49  Drone  
  133  20:50  Drone x4  
  133  20:51  Zergling x18  
  140  21:01  Drone x3  
  140  21:02  Drone  
  140  21:03  Roach  
  140  21:04  Roach x3  
  146  21:09  Zergling x2  
  146  21:10  Zergling x8  
  145  21:19  Ultralisk  
  141  21:26  Zergling x2  
  141  21:27  Zergling x20  
  147  21:39  Extractor x2  
  136  21:43  Zergling x8  
  136  21:44  Zergling x26  
  144  21:54  Drone  
  144  22:03  Ultralisk x3  
  162  22:20  Hatchery  
  161  22:24  Ultralisk x3  
  161  22:29  Baneling  
  174  22:30  Baneling x5  
  174  22:32  Hydralisk x3  
  180  22:41  Hydralisk x4  
  181  22:57  Ultralisk x2  
  190  23:03  Zergling x16  
  190  23:04  Zergling x2  
  182  23:10  Zergling x4  
  182  23:11  Zergling x10  
  161  23:23  Baneling x4  
  161  23:24  Hydralisk  
  161  23:25  Hydralisk x4  
  165  23:30  Hydralisk  
  165  23:31  Hydralisk x2  
  165  23:39  Hydralisk x3  
  165  23:40  Hydralisk  
  147  23:46  Drone x3  
  150  23:50  Zergling x10, Hydralisk  
  150  23:54  Baneling x8  
  157  23:57  Zergling x2  
  157  23:58  Zergling x6  
  159  24:08  Zergling x20  
  166  24:19  Zergling x2  
  166  24:20  Zergling x24  
  166  24:24  Zergling x8  
  175  24:25  Zergling x2  
  175  24:29  Hydralisk x2  
  181  24:38  Hydralisk x5  
  173  24:43  Baneling  
  173  24:44  Baneling x4  
  173  24:45  Baneling x3  
  182  24:50  Hydralisk x5  
  176  25:00  Hydralisk x4  
  176  25:01  Hydralisk  
  179  25:22  Hydralisk x2  
  179  25:23  Baneling x6  
  179  25:24  Baneling x2  
  179  25:25  Zergling x2, Spire  
  179  25:26  Zergling x30  
  197  25:45  Zergling x4  
  196  25:56  Hydralisk x4  
  198  25:59  Hatchery  
  193  26:06  Baneling x5  
  193  26:07  Baneling x3  
Show
View Real Time Build Order
Export as new Build Order

Serotonin Terran 

Build Orders: Command Center First 

Get SALT Encoding   

  12  0:00  SCV  
  13  0:12  SCV  
  14  0:17  Supply Depot  
  14  0:24  SCV  
  15  0:39  SCV  
  16  0:51  SCV  
  17  1:03  Command Center  
  17  1:04  SCV  
  18  1:16  SCV  
  19  1:19  Barracks  
  19  1:26  Refinery  
  19  1:28  SCV  
  20  1:40  SCV  
  21  1:52  SCV  
  22  2:04  SCV  
  23  2:15  Marine  
  24  2:18  Orbital Command  
  24  2:20  Orbital Command  
  24  2:22  Barracks  
  24  2:26  Barracks  
  24  2:32  Marine  
  25  2:42  Factory  
  24  2:45  SCV  
  24  2:47  SCV  
  24  2:50  Marine  
  27  3:03  SCV x2  
  29  3:08  Marine  
  29  3:12  Supply Depot, Marine x2  
  31  3:18  SCV  
  31  3:19  SCV  
  34  3:25  Factory Tech Lab  
  34  3:26  Marine  
  35  3:30  Marine x2  
  35  3:32  Supply Depot  
  35  3:33  SCV  
  35  3:34  SCV  
  39  3:43  Supply Depot  
  39  3:44  Marine  
  39  3:45  SCV  
  39  3:46  SCV, Siege Tank  
  39  3:48  Marine  
  46  3:53  Marine  
  47  3:57  Supply Depot, SCV  
  47  4:01  Marine  
  49  4:04  SCV  
  49  4:05  Marine  
  49  4:09  SCV  
  52  4:11  Marine  
  52  4:16  Supply Depot  
  53  4:18  Siege Tank  
  53  4:19  Marine  
  53  4:23  Marine  
  58  4:25  SCV x2  
  58  4:29  Marine  
  58  4:31  Refinery  
  61  4:32  Refinery  
  61  4:33  Refinery  
  61  4:37  SCV x2, Marine  
  64  4:41  Marine  
  65  4:46  Marine  
  65  4:49  SCV x2  
  65  4:51  Supply Depot  
  68  4:55  Marine  
  68  4:56  Bunker  
  68  4:59  Marine  
  70  5:04  Marine  
  70  5:13  Marine  
  71  5:15  SCV  
  71  5:16  SCV  
  71  5:17  Marine  
  74  5:22  Marine  
  75  5:31  Marine  
  75  5:34  SCV, Marine  
  77  5:39  Command Center  
  77  5:40  Marine  
  77  5:42  Engineering Bay x2, SCV  
  78  5:43  Starport  
  78  5:46  SCV  
  76  5:52  Marine  
  76  5:54  SCV  
  78  5:58  SCV  
  78  6:03  Barracks Tech Lab  
  79  6:05  Barracks Reactor  
  79  6:07  Supply Depot, SCV  
  79  6:09  Supply Depot  
  79  6:10  Supply Depot, SCV, Marine  
  81  6:14  Barracks  
  81  6:16  Barracks, Siege Tank  
  84  6:19  SCV  
  84  6:21  Starport Reactor, Missile Turret  
  84  6:22  SCV  
  86  6:28  Marine x2  
  86  6:31  SCV  
  86  6:32  Supply Depot  
  89  6:34  SCV  
  90  6:43  Marine x2  
  90  6:44  SCV  
  90  6:46  Marine  
  95  6:47  Stimpack  
  94  6:55  Barracks Tech Lab, SCV  
  94  6:56  Supply Depot  
  94  7:01  Marine  
  96  7:04  Marine  
  96  7:07  Siege Tank  
  96  7:08  SCV  
  101  7:10  Barracks Reactor  
  101  7:11  Barracks Tech Lab  
  101  7:14  Factory  
  101  7:16  Marine, Missile Turret  
  101  7:22  Marauder  
  103  7:25  Supply Depot  
  99  7:34  Marauder  
  101  7:38  Marine  
  101  7:43  Planetary Fortress  
  102  7:45  SCV  
  102  7:50  Marine  
  104  7:53  Combat Shield  
  104  7:54  Marine  
  105  8:03  Refinery  
  105  8:08  Refinery  
  105  8:09  Missile Turret, Marine  
  105  8:10  SCV, Missile Turret, Siege Tank  
  105  8:12  Factory Tech Lab  
  110  8:15  Viking  
  110  8:16  Missile Turret  
  110  8:18  Terran Infantry Weapons Level 1  
  110  8:19  SCV  
  113  8:27  Concussive Shells  
  113  8:28  SCV  
  113  8:30  Supply Depot  
  113  8:32  SCV  
  115  8:37  Marine x2  
  117  8:41  Marauder  
  117  8:42  Marauder x2  
  117  8:43  SCV  
  117  8:45  Terran Infantry Armor Level 1  
  117  8:47  Armory  
  117  8:48  SCV  
  125  8:50  Marine  
  125  8:55  SCV  
  127  8:56  Marine  
  128  9:03  Marauder, Marine  
  128  9:04  Marine x2  
  128  9:06  Command Center  
  128  9:07  Medivac  
  128  9:08  Medivac  
  128  9:09  Siege Tank x2  
  143  9:10  Marine  
  144  9:17  Missile Turret  
  144  9:18  Supply Depot, SCV, Marine, Command Center  
  144  9:19  Supply Depot  
  144  9:22  Marine  
  145  9:34  Marine  
  145  9:37  Medivac  
  145  9:38  Medivac  
  150  9:41  Marine, Siege Tank x2  
  150  9:42  Supply Depot  
  157  9:50  SCV  
  158  9:55  Marine  
  159  10:05  Refinery  
  159  10:07  Liberator x2  
  159  10:08  Terran Ship Weapons Level 1  
  159  10:11  Refinery, Marine  
  159  10:13  Fusion Core  
  166  10:16  SCV  
  166  10:17  Marine  
  166  10:20  Supply Depot  
  166  10:21  Supply Depot  
  168  10:22  Missile Turret  
  168  10:23  Marine  
  168  10:24  Marine  
  168  10:25  Supply Depot  
  170  10:32  Planetary Fortress  
  170  10:34  Marine, Missile Turret  
  170  10:35  Marine  
  170  10:44  SCV  
  170  10:46  Orbital Command  
  170  10:49  Missile Turret  
  171  10:50  Liberator  
  171  10:52  Marine  
  175  10:57  Refinery  
  175  10:59  Marine  
  168  11:16  Marine  
  168  11:17  Marauder x3  
  168  11:18  SCV  
  165  11:22  Marine  
  163  11:26  Marine  
  163  11:28  SCV  
  163  11:32  Terran Infantry Weapons Level 2, Terran Infantry Armor Level 2  
  165  11:33  Command Center  
  165  11:37  Advanced Ballistics  
  165  11:38  Marine  
  165  11:39  Marauder, Missile Turret  
  167  11:40  Engineering Bay  
  163  11:59  Marine  
  140  12:01  Marine  
  139  12:10  Marine  
  139  12:11  Marine  
  139  12:13  SCV  
  142  12:17  Siege Tank  
  142  12:18  Marine x3  
  142  12:20  Supply Depot  
  122  12:31  Marine  
  122  12:32  Marine x3  
  122  12:34  SCV  
  122  12:37  Marine x3  
  105  12:40  SCV  
  91  12:45  Terran Vehicle And Ship Armor Level 1  
  91  12:49  Marine  
  91  12:51  SCV  
  90  13:00  Command Center, Marine x3  
  90  13:04  Marine x2  
  95  13:11  Marine, Siege Tank x2  
  95  13:12  Command Center, Marine  
  102  13:16  Medivac  
  102  13:17  Medivac, Marine  
  102  13:18  Marine x2  
  109  13:22  SCV  
  109  13:23  SCV x2  
  112  13:29  Marine x2  
  114  13:34  SCV  
  114  13:35  SCV x2  
  114  13:37  SCV  
  114  13:39  Refinery  
  114  13:40  Marine x3  
  121  13:46  Medivac x2  
  121  13:47  SCV x3  
  128  13:49  SCV  
  128  13:52  Marine  
  130  13:59  SCV x2  
  130  14:00  Widow Mine  
  130  14:01  Widow Mine, Marine x2  
  130  14:02  Marine x3  
  140  14:03  Marine  
  140  14:05  SCV  
  140  14:07  SCV  
  144  14:11  SCV x2  
  144  14:16  Medivac x2, Missile Turret  
  144  14:17  Planetary Fortress, SCV  
  150  14:19  SCV  
  150  14:23  SCV x2  
  154  14:25  Engineering Bay  
  154  14:30  Planetary Fortress  
  154  14:31  Marine  
  154  14:32  Refinery  
  154  14:34  Thor x2, Marine  
  154  14:35  Marine  
  154  14:37  Command Center  
  169  14:42  Terran Vehicle And Ship Armor Level 2  
  169  14:44  Weapon Refit  
  169  14:46  Medivac x2, Marine  
  169  14:47  Drilling Claws  
  174  14:54  Refinery  
  174  14:55  SCV  
  174  14:57  Missile Turret  
  174  14:58  Neosteel Armor  
  174  14:59  SCV  
  176  15:04  Terran Infantry Weapons Level 3  
  176  15:08  Terran Infantry Armor Level 3  
  176  15:12  SCV x3  
  179  15:17  Marine  
  179  15:20  Supply Depot  
  180  15:24  Marine  
  180  15:27  Marine  
  180  15:28  Supply Depot  
  182  15:34  SCV  
  183  15:42  Marine, Siege Tank x2  
  186  15:46  Supply Depot  
  187  15:56  Supply Depot  
  187  15:58  Marine x2  
  187  16:01  SCV  
  189  16:06  Infernal Pre-Igniter  
  187  16:14  Siege Tank x2  
  165  16:29  Marine x2  
  165  16:30  Missile Turret  
  165  16:31  Marine  
  165  16:32  Marine x2  
  159  16:34  SCV  
  150  16:44  Marine  
  150  16:45  Marine  
  150  16:46  Siege Tank x2  
  157  16:52  Marine x2  
  157  16:53  SCV  
  158  16:57  Marine  
  158  17:00  Marine  
  155  17:07  Marine  
  154  17:11  Marine x2  
  151  17:15  Marauder  
  151  17:16  SCV, Marauder  
  151  17:20  Command Center  
  152  17:23  Hi-Sec Auto Tracking  
  152  17:25  Marauder, Marine  
  154  17:31  Marine  
  154  17:33  Marine x2  
  154  17:36  Marine  
  141  17:37  Marauder  
  141  17:43  Thor, Marine  
  141  17:44  Thor  
  153  17:46  Liberator x2, Marine  
  161  17:51  SCV  
  161  17:55  Missile Turret  
  161  18:04  Command Center  
  161  18:09  SCV  
  161  18:11  SCV  
  163  18:15  Refinery, SCV  
  163  18:16  Missile Turret  
  164  18:26  Thor, Marauder x3  
  176  18:28  Marine  
  173  18:47  Marauder x2, Marine x2  
  159  18:58  Marine x2  
  159  18:59  Marine  
  138  19:03  Thor  
  138  19:04  SCV  
  138  19:05  Marine x2  
  138  19:08  Marine  
  138  19:09  Thor, Marauder  
  156  19:16  Marine x2  
  152  19:17  Marauder  
  152  19:23  Marine x2  
  145  19:26  Marauder  
  145  19:30  Marauder  
  138  19:33  Planetary Fortress  
  138  19:34  Marine x2  
  139  19:38  Marauder  
  139  19:41  Marine x2  
  139  19:46  Thor  
  139  19:48  Marauder  
  139  19:52  Thor, Marauder, Marine x2  
  142  19:58  Marine  
  142  19:59  Marine  
  134  20:00  Marauder  
  134  20:02  Liberator x2  
  120  20:09  Marine  
  120  20:10  Marine x2  
  120  20:11  SCV  
  120  20:12  Marine  
  120  20:16  Marine x2  
  120  20:21  Orbital Command  
  120  20:24  Marine  
  109  20:29  Thor  
  109  20:31  Marine  
  109  20:34  Marine x2  
  109  20:35  Marine  
  104  20:36  Marauder  
  104  20:37  Marauder  
  99  20:43  Marauder  
  99  20:45  Liberator x2  
  99  20:49  Marine  
  104  20:52  Marine x3  
  91  20:58  Marine  
  91  21:03  Marine  
  81  21:08  Marine  
  81  21:10  Marine x2  
  81  21:12  Siege Tank  
  81  21:15  Marine  
  83  21:21  Marine  
  84  21:26  Marine  
  84  21:27  Liberator  
  84  21:28  Liberator, Marine  
  92  21:34  Marine  
  92  21:35  Marine  
  92  21:39  Marine  
  89  21:44  Marine, Siege Tank  
  89  21:46  Marine  
  84  21:53  Marine x2  
  74  21:57  Marine  
  67  22:02  SCV x2, Marine  
  67  22:03  Marine  
  71  22:10  Liberator, Marine  
  71  22:11  Marine  
  71  22:15  Marine  
  77  22:20  Marine  
  77  22:24  Marine  
  77  22:38  Marine  
  77  22:39  Marine  
  77  22:59  SCV  
  77  23:00  Marine  
  77  23:03  Marine x2  
  77  23:04  SCV, Marine  
  77  23:06  Marine  
  77  23:07  Medivac  
  77  23:08  Siege Tank  
  77  23:11  SCV  
  71  23:16  SCV  
  71  23:18  Marine  
  57  23:20  Marine  
  57  23:21  Marine x2  
  57  23:23  Marine  
  57  23:32  SCV  
  56  23:36  Marine  
  56  23:37  Supply Depot  
  56  23:38  Marine x2  
  56  23:39  Marine  
  56  23:40  Siege Tank  
  59  23:41  Marine  
  60  23:50  Command Center  
  60  23:54  Marine  
  52  23:56  Marine  
  52  23:58  Marine  
  52  24:00  Marine  
  55  24:06  Marine  
  55  24:09  Supply Depot  
  56  24:11  Marine  
  56  24:12  Siege Tank  
  56  24:14  Marauder  
  57  24:19  Marine  
  52  24:24  Marine  
  42  24:32  Marine  
  42  24:35  Marine  
  40  24:42  Orbital Command  
  38  24:55  Marine  
  27  25:09  Marine  
  26  25:23  SCV  
Tags
 
Add a new tag
Caveats
  • Supply blocks, unpowered buildings, or Contaminate may cause inaccurate times.
  • Supply counts are checked every 10 seconds.